 Dungeon Sprint DCSS version 0.22-a0-274-gf8199ec (webtiles) character file.

1101 Kidiri the Covert (level 8, -7/44 HPs)
             Began as a Spriggan Enchanter on Mar 13, 2018.
             Was a High Priest of Wu Jian.
             Mangled by an earth elemental (33 damage)
             ... in the Dungeon (Sprint VII: "The Pits").
             The game lasted 00:04:11 (817 turns).

Kidiri the Covert (Spriggan Enchanter)               Turns: 817, Time: 00:04:12

Health: -7/44      AC:  2    Str:  4    XL:     8   Next: 10%
Magic:  19/22      EV: 27    Int: 17    God:    Wu Jian [*****.]
Gold:   0          SH:  0    Dex: 18    Spells: 13/25 levels left

rFire    . . .     SeeInvis +   a - +1 dagger (elec)
rCold    . . .     Gourm    .   (shield restricted)
rNeg     . . .     Faith    .   b - +0 robe
rPois    .         Spirit   .   (helmet restricted)
rElec    .         Reflect  .   (no cloak)
rCorr    .         Harm     .   (gloves unavailable)
MR       +....     NoTele   +   (boots unavailable)
Stlth    ++........             (no amulet)
HPRegen  0.14/turn              (no ring)
MPRegen  0.18/turn              (no ring)

@: glowing, heavenly storm, very quick
A: very small, unfitting armour, see invisible, herbivore, speed 3, slow
metabolism 2
a: Wall Jump, Serpent's Lash, Heavenly Storm, Renounce Religion


You were in the Dungeon.
You worshipped Wu Jian.
Wu Jian was extremely pleased with you.
You were not hungry.

You visited 1 branch

Inventory:

Hand Weapons
 a - a +1 dagger of electrocution (weapon)
Armour
 b - a +0 robe (worn)
Scrolls
 j - a scroll of blinking
 k - 3 scrolls of remove curse
 l - 5 scrolls of amnesia
 m - a scroll of summoning
Potions
 c - 2 potions of invisibility
 e - 6 potions of curing
 f - 6 potions of heal wounds
 g - a potion of haste
 h - 4 potions of magic
 i - 3 potions of berserk rage
Comestibles
 d - 9 rations


   Skills:
 * Level 6.1 Fighting
 * Level 7.9 Short Blades
 + Level 3.6 Armour
 * Level 10.8 Dodging
 * Level 11.8 Stealth
 * Level 9.1 Spellcasting
 + Level 7.3 Hexes


You had 13 spell levels left.
You knew the following spells:

 Your Spells              Type           Power        Failure   Level  Hunger
a - Corona                Hex            ####...      1%          1    None
b - Ensorcelled Hibernat  Hex/Ice        ###...       3%          2    None
c - Confuse               Hex            ####....     1%          3    None
d - Tukima's Dance        Hex            ####....     1%          3    None
e - Dazzling Spray        Conj/Hex       ###...       6%          3    None


Dungeon Overview and Level Annotations

Branches:
Dungeon (1/1)

Altars:
Ashenzari
Cheibriados
Dithmenos
Elyvilon
Fedhas
Gozag
Hepliaklqana
Kikubaaqudgha
Makhleb
Nemelex Xobeh
Okawaru
Qazlal
Ru
Sif Muna
Trog
Uskayaw
Vehumet
Wu Jian
Xom
Yredelemnul
Zin
The Shining One
Beogh
Jiyva
Lugonu

Annotations:
D exclusions: 6 doors and 6 more exclusions


Innate Abilities, Weirdness & Mutations

You are very small and have problems with some larger weapons.
You are too small for most types of armour.
You have supernaturally acute eyesight. (SInv)
You are a herbivore.
You cover ground extremely quickly.
You need to consume almost no food.


Message History

Press: ? - help, Shift-Dir - straight line, f - earth elemental
Aim: an earth elemental (golden dust, moderately damaged, pinned by a whirlwind, haloed)
The spray of energy hits the earth elemental.
The earth elemental is moderately damaged.
The spray of energy hits the iron imp.
You kill the iron imp!
The Council accepts your kill.
You can now summon a storm of heavenly clouds to empower your attacks.
The earth elemental closely misses you.
You spin and attack the earth elemental.
You hit the earth elemental.
The earth elemental is heavily damaged.
You repeatedly attack the earth elemental from above.
You hit the earth elemental but do no damage.
The earth elemental is heavily damaged.
You hit the earth elemental but do no damage.
The earth elemental is heavily damaged.
The earth elemental hits you!!
Ouch! That really hurt!
You die...

#.#........##.......#
#'###########.......#
#††.....#†.##########
#..#.#..#†######
#.##.##.#.#§§§§#
#.......#+#§§§§#
#†##.##.#§§§§§§+
#..#.#..#+#§E§§#
#.......'.#§§@§#
################


You could see an earth elemental (pinned).

Vanquished Creatures
  A death yak (D)
  A redback (D)
  A phantom (D)
  A bullfrog (D)
  A crimson imp (D)
  An iron imp (D)
  2 worker ants (D)
  A mummy (D)
  A gnoll (D)
  An adder (D)
  A river rat (D)
  2 ufetubi (D)
  A worm (D)
  A leopard gecko (D)
  2 bat zombies (D)
  A goblin (D)
  6 jackals (D)
  A quokka (D)
  A rat (D)
27 creatures vanquished.

Notes
Turn   | Place    | Note
-------+----------+-------------------------------------------
     0 | D        | Kidiri the Spriggan Enchanter began the quest for the Orb.
     0 | D        | Reached XP level 1. HP: 9/9 MP: 5/5
    27 | D        | Reached skill level 1 in Fighting
    27 | D        | Reached skill level 5 in Stealth
    27 | D        | Reached XP level 2. HP: 14/14 MP: 7/7
    61 | D        | Found a bloodstained altar of Trog.
    61 | D        | Found a deep blue altar of Sif Muna.
    61 | D        | Found a viscous altar of Jiyva.
    61 | D        | Found a hazy altar of Hepliaklqana.
    61 | D        | Found an opulent altar of Gozag.
    62 | D        | Found a glowing golden altar of the Shining One.
    62 | D        | Found a glowing silver altar of Zin.
    62 | D        | Found a basalt altar of Yredelemnul.
    62 | D        | Found a shimmering altar of Xom.
    62 | D        | Found an ornate altar of the Wu Jian Council.
    62 | D        | Found a sacrificial altar of Ru.
    62 | D        | Found a stormy altar of Qazlal.
    62 | D        | Found an iron altar of Okawaru.
    62 | D        | Found a sparkling altar of Nemelex Xobeh.
    62 | D        | Found a burning altar of Makhleb.
    62 | D        | Found a blossoming altar of Fedhas.
    62 | D        | Found a white marble altar of Elyvilon.
    62 | D        | Found a shadowy altar of Dithmenos.
    62 | D        | Found a snail-covered altar of Cheibriados.
    64 | D        | Found a radiant altar of Vehumet.
    64 | D        | Found a corrupted altar of Lugonu.
    64 | D        | Found a roughly hewn altar of Beogh.
    65 | D        | Found a hide-covered altar of Uskayaw.
    65 | D        | Found an ancient bone altar of Kikubaaqudgha.
    65 | D        | Found a shattered altar of Ashenzari.
    73 | D        | Became a worshipper of the Wu Jian Council
   104 | D        | Reached * piety under Wu Jian
   243 | D        | Learned a level 2 spell: Ensorcelled Hibernation
   260 | D        | Reached ** piety under Wu Jian
   294 | D        | Reached skill level 1 in Armour
   294 | D        | Reached skill level 6 in Stealth
   298 | D        | Reached *** piety under Wu Jian
   298 | D        | Reached skill level 5 in Dodging
   298 | D        | Reached XP level 3. HP: 6/18 MP: 1/9
   503 | D        | Learned a level 3 spell: Confuse
   507 | D        | Learned a level 3 spell: Tukima's Dance
   589 | D        | Noticed a bullfrog
   594 | D        | Reached **** piety under Wu Jian
   617 | D        | Killed a bullfrog
   617 | D        | Reached skill level 7 in Stealth
   617 | D        | Reached skill level 5 in Spellcasting
   617 | D        | Reached skill level 5 in Hexes
   617 | D        | Reached XP level 4. HP: 20/24 MP: 7/12
   621 | D        | Reached XP level 5. HP: 23/28 MP: 4/14
   626 | D        | Reached skill level 8 in Stealth
   636 | D        | Reached ***** piety under Wu Jian
   717 | D        | Learned a level 3 spell: Dazzling Spray
   717 | D        | Noticed a phantom
   718 | D        | Killed a phantom
   718 | D        | Reached skill level 5 in Short Blades
   718 | D        | Reached skill level 9 in Stealth
   726 | D        | Noticed a death yak
   729 | D        | Killed a death yak
   729 | D        | Reached skill level 5 in Fighting
   729 | D        | Reached skill level 10 in Dodging
   729 | D        | Reached skill level 11 in Stealth
   729 | D        | Reached XP level 6. HP: 36/36 MP: 15/18
   729 | D        | Reached XP level 7. HP: 39/39 MP: 16/20
   742 | D        | Noticed a redback
   809 | D        | Killed a redback
   809 | D        | Reached XP level 8. HP: 44/44 MP: 22/22
   817 | D        | Mangled by an earth elemental

Vault maps used:
D:        pitsprint

Skill      XL: |  1  2  3  4  5  6  7 |
---------------+----------------------+-----
Fighting       | 1 2 3 5 6 |  6.1
Short Blades   | 2 3 4 7 |  7.9
Stealth        | 5 6 7 11 | 11.8
Spellcasting   | 3 4 5 8 9 |  9.1
Dodging        | 5 6 10 | 10.8
Hexes          | 4 5 7 |  7.3
Armour         | 1 3 |  3.6

Action                   |  1- 3 |  4- 6 |  7- 9 || total
-------------------------+-------+-------+-------++-------
Melee: Dagger            |    66 |    15 |    19 ||   100
 Cast: Ensorcelled Hiber |     6 |     1 |       ||     7
       Confuse           |     1 |     1 |       ||     2
       Dazzling Spray    |       |       |     1 ||     1
Invok: Whirlwind         |    37 |     6 |     7 ||    50
       Lunge             |     4 |     4 |     4 ||    12
       Wall Jump         |       |     3 |     3 ||     6
       Serpent's Lash    |       |     1 |       ||     1
       Heavenly Storm    |       |       |     1 ||     1
 Stab: Sleeping          |     7 |     3 |     4 ||    14
       Confused          |     1 |     1 |       ||     2
Armor: Robe              |     8 |     1 |       ||     9
Dodge: Dodged            |    59 |     9 |     4 ||    72

Table legend:
 A = Spawn XP
 B = Non-spawn XP
 C = Spawn XP percentage of total XP
 D = Spawn monster count
 E = Non-spawn monster count
 F = Spawn count percentage of total count
 G = Total turns spent on level
                    A         B        C        D         E        F      G
               +---------+---------+-------+---------+---------+-------+---------
         Total |       0 |    1574 |   0.0 |       0 |      27 |   0.0 |   817
               +---------+---------+-------+---------+---------+-------+---------
             D |       0 |    1574 |   0.0 |       0 |      27 |   0.0 |   817
               +---------+---------+-------+---------+---------+-------+---------
